[Event "Titled Tuesday Blitz April 26 Early 2022"]
[White "Sharapov, Evgeny"]
[Black "Vakhlamov, Igor L."]
[WhiteFideId "14103133"]
[BlackFideId "24126748"]
[WhiteElo "2367"]
[BlackElo "2401"]
[Result "1/2-1/2"]
[Round "04"]
[TimeControl "180+1"]
[Date "2022.04.26"]
[WhiteClock "0:00:43"]
[BlackClock "0:00:47"]

1. e4 c5 2. Nf3 Nc6 3. d4 cxd4 4. Nxd4 g6 5. c4 Nf6 6. Nc3 d6 7. Be2 Nxd4 8. Qxd4 Bg7 9. Be3 O-O 10. Qd2 Be6 11. O-O Qa5 12. f3 Rfc8 13. b3 a6 14. Rac1 b5 15. Nd5 Qxd2 16. Bxd2 Nxd5 17. exd5 Bd4+ 18. Kh1 Bd7 19. Bd3 bxc4 20. Bxc4 Bb5 21. Bxb5 axb5 22. Rxc8+ Rxc8 23. Rc1 Rxc1+ 24. Bxc1 b4 25. g4 e6 26. dxe6 fxe6 27. Kg2 Bc5 28. Kf1 Kf7 29. Ke2 e5 30. Kd3 d5 31. h3 Ke6 32. Bd2 h5 33. Bc1 Be7 34. Bd2 Kd7 35. Be1 Kc6 36. Bg3 Bd6 37. Be1 Kd7 38. Bd2 Ke7 39. Bc1 Ke6 40. Bd2 Bc5 41. Bc1 Kd7 42. Bb2 Kd6 43. Bc1 Bd4 44. a4 bxa3 45. Bxa3+ Kc6 46. Be7 Kb5 47. Bf8 Bc5 48. Bg7 Bd6 49. Kc2 Kc5 50. Kc3 Kb5 51. Bf6 Bc7 52. Bg7 Kc5 53. Bf8+ Bd6 54. Bg7 Kb5 55. Bf6 Bc7 56. Bg7 Kc6 57. Kd3 Bd6 58. Bf6 Kc5 59. Kc3 e4 60. fxe4 dxe4 61. Bd4+ Kd5 62. Be3 Be5+ 63. Kc2 Bf6 64. Kd2 Be7 65. gxh5 gxh5 66. Ke2 Bh4 67. Bf2 Bg5 68. Be3 Bf6 69. b4 Kc4 70. Bc5 Bg5 71. Bd6 Bc1 72. Bc5 Bf4 73. Be7 Bh6 74. Bc5 Kd5 75. Be3 Bxe3 76. Kxe3 Kc4 77. Kxe4 Kxb4 78. Kf5 Kc5 79. Kg5 Kd6 80. Kxh5 Ke7 81. Kg6 Kf8 82. h4 Kg8 83. h5 Kh8 84. h6 Kg8 85. h7+ Kh8 86. Kh6 1/2-1/2


[Site "https://www.chess.com"]

[Event "Titled Tuesday Blitz April 26 Early 2022"]
[White "Skliarov, Viktor"]
[Black "Moskalenko, Alexander"]
[WhiteFideId "14106736"]
[BlackFideId "4155351"]
[WhiteElo "2229"]
[BlackElo "2434"]
[Result "0-1"]
[Round "04"]
[TimeControl "180+1"]
[Date "2022.04.26"]
[WhiteClock "0:00:05"]
[BlackClock "0:00:40"]

1. e4 c6 2. d4 d5 3. e5 c5 4. dxc5 e6 5. a3 a6 6. b4 a5 7. Bb2 axb4 8. axb4 Rxa1 9. Bxa1 b6 10. Bb5+ Bd7 11. Bxd7+ Qxd7 12. cxb6 Bxb4+ 13. Bc3 Qb5 14. Ne2 Bxc3+ 15. Nbxc3 Qxb6 16. O-O Ne7 17. Qb1 Qxb1 18. Rxb1 Nbc6 19. f4 Kd7 20. Na4 Kc7 21. Nc5 Ra8 22. Rc1 h5 23. c4 d4 24. Rd1 Nf5 25. g3 Ne3 26. Rb1 Ra2 27. Kf2 Nxc4 28. Rb7+ Kc8 29. Rxf7 d3 30. Nxd3 Nd4 31. Nc1 Rc2 32. Rxg7 Nb2 33. Ke3 Nf5+ 0-1


[Site "https://www.chess.com"]

[Event "Titled Tuesday Blitz April 26 Early 2022"]
[White "Srihari L R"]
[Black "Eynullayev, Atilla"]
[WhiteFideId "46617116"]
[BlackFideId "13413570"]
[WhiteElo "2121"]
[BlackElo "1936"]
[Result "0-1"]
[Round "04"]
[TimeControl "180+1"]
[Date "2022.04.26"]
[WhiteClock "0:00:46"]
[BlackClock "0:01:54"]

1. e4 c5 2. Nf3 d6 3. b4 cxb4 4. a3 bxa3 5. Bxa3 Nc6 6. d4 e6 7. d5 exd5 8. exd5 Nb8 9. Bb5+ Bd7 10. Bd3 Nf6 11. O-O Be7 12. h3 O-O 13. Nbd2 Nxd5 14. Nc4 Be6 15. Nd4 Bf6 0-1


[Site "https://www.chess.com"]

[Event "Titled Tuesday Blitz April 26 Early 2022"]
[White "Steil-Antoni, Fiona"]
[Black "Fiorito, Fabian"]
[WhiteFideId "4001249"]
[BlackFideId "100200"]
[WhiteElo "2059"]
[BlackElo "2395"]
[Result "0-1"]
[Round "04"]
[TimeControl "180+1"]
[Date "2022.04.26"]
[WhiteClock "0:00:03"]
[BlackClock "0:00:04"]

1. e4 c6 2. d4 d5 3. exd5 cxd5 4. Bd3 Nc6 5. c3 Nf6 6. h3 g6 7. Nf3 Bg7 8. O-O O-O 9. Re1 Bf5 10. Bf4 Bxd3 11. Qxd3 e6 12. Nbd2 a6 13. Ne5 Rc8 14. Nxc6 Rxc6 15. Be5 Nd7 16. Bxg7 Kxg7 17. Nf3 Qa5 18. Ne5 Nxe5 19. dxe5 Rc4 20. Qf3 Rb8 21. Qf6+ Kg8 22. Re3 b5 23. Rf3 Qc7 24. Re1 b4 25. h4 h5 26. cxb4 Rbxb4 27. b3 Rxh4 28. g3 Rhe4 29. Rfe3 Rxe3 30. Rxe3 d4 31. Rf3 Qd7 32. Rd3 Rb5 33. g4 hxg4 34. Rg3 Qc7 35. Rxg4 Qxe5 36. Qd8+ Kg7 37. Rxd4 Qg5+ 38. Kf1 Qf5 39. Rd3 Rc5 40. Qd4+ Kh7 41. Qh4+ Kg7 42. Qd4+ Qe5 43. Qh4 Rc1+ 44. Kg2 Qh5 45. Qf4 Qh1+ 46. Kg3 Rg1# 0-1


[Site "https://www.chess.com"]

[Event "Titled Tuesday Blitz April 26 Early 2022"]
[White "Stevens, Christian"]
[Black "Korchmar, Vasiliy"]
[WhiteFideId "2604450"]
[BlackFideId "24131750"]
[WhiteElo "2525"]
[BlackElo "2370"]
[Result "1-0"]
[Round "04"]
[TimeControl "180+1"]
[Date "2022.04.26"]
[WhiteClock "0:00:13"]
[BlackClock "0:00:19"]

1. Nf3 d5 2. e3 Nf6 3. c4 c6 4. Nc3 e6 5. Qc2 Bd6 6. b3 O-O 7. Bb2 e5 8. cxd5 cxd5 9. Nb5 Nc6 10. Nxd6 Qxd6 11. Rc1 Bg4 12. h3 Bh5 13. Bb5 e4 14. Nd4 Nb4 15. Qc7 Qxc7 16. Rxc7 a6 17. a3 axb5 18. axb4 Ra2 19. Bc3 Rfa8 20. O-O b6 21. Nf5 Ne8 22. Rd7 Bg6 23. Ne7+ Kf8 24. Nxd5 Bf5 25. Rb7 Be6 26. Nxb6 R8a7 27. Rxa7 Rxa7 28. Bd4 Bxb3 29. Rc1 Rb7 30. Rc8 Be6 31. Bc5+ Kg8 32. Rxe8# 1-0


[Site "https://www.chess.com"]

[Event "Titled Tuesday Blitz April 26 Early 2022"]
[White "Stribuk, Artiom"]
[Black "Deac, Bogdan-Daniel"]
[WhiteFideId "13515659"]
[BlackFideId "1226380"]
[WhiteElo "2259"]
[BlackElo "2648"]
[Result "0-1"]
[Round "04"]
[TimeControl "180+1"]
[Date "2022.04.26"]
[WhiteClock "0:00:07"]
[BlackClock "0:00:07"]

1. d4 Nf6 2. c4 e6 3. Nc3 Bb4 4. Qc2 d5 5. a3 Bxc3+ 6. Qxc3 dxc4 7. Qxc4 b6 8. Bf4 Nd5 9. Bg3 Ba6 10. Qa4+ c6 11. e4 Bxf1 12. Kxf1 Ne7 13. Ne2 O-O 14. f3 Nd7 15. Kf2 b5 16. Qc2 a5 17. Rhd1 Rc8 18. Rac1 Nb6 19. Rd3 Qd7 20. Kg1 f5 21. Rc3 fxe4 22. Qxe4 Nbd5 23. Rc5 a4 24. Be5 Ng6 25. h3 Rf5 26. Ng3 Rf7 27. Kh2 Nde7 28. Qe1 Rd8 29. Ne4 h6 30. Qg3 Kh7 31. R1c2 Nf5 32. Qf2 Nge7 33. Rd2 Ng6 34. Ng3 Nxe5 35. Rxe5 Nxd4 36. Ne2 Nxf3+ 37. gxf3 Qxd2 38. Qh4 Qd6 39. Qe4+ Rf5 40. f4 Kg8 41. Kg1 Rxe5 42. fxe5 Qd1+ 43. Kf2 Qd5 44. Qe3 Rf8+ 45. Kg3 Rf5 46. Qa7 Qxe5+ 47. Kh4 Rh5+ 48. Kg4 Qf5+ 49. Kg3 Rxh3+ 50. Kg2 Qf3+ 0-1


[Site "https://www.chess.com"]

[Event "Titled Tuesday Blitz April 26 Early 2022"]
[White "Svane, Rasmus"]
[Black "Bilych, Olexiy"]
[WhiteFideId "4657101"]
[BlackFideId "14156504"]
[WhiteElo "2645"]
[BlackElo "2176"]
[Result "1-0"]
[Round "04"]
[TimeControl "180+1"]
[Date "2022.04.26"]
[WhiteClock "0:00:07"]
[BlackClock "0:00:10"]

1. Nf3 d5 2. g3 g6 3. Bg2 Bg7 4. d4 Nf6 5. O-O O-O 6. c3 b6 7. c4 Bb7 8. cxd5 Nxd5 9. Re1 c5 10. e4 Nf6 11. d5 e6 12. dxe6 fxe6 13. Qb3 Qe7 14. Ng5 Re8 15. Nc3 Nc6 16. e5 Nd7 17. f4 Nd4 18. Qc4 Bxg2 19. Kxg2 Nb8 20. Nce4 Nbc6 21. Be3 Rad8 22. Rad1 h6 23. Nf3 Nxf3 24. Kxf3 Bxe5 25. Qa4 Nd4+ 26. Bxd4 Bxd4 27. b3 Kg7 28. Qc4 Qb7 29. Qe2 e5 30. Kg2 exf4 31. Qf3 fxg3 32. hxg3 Rf8 33. Qg4 Rde8 34. Kh3 Qc8 35. Qxc8 Rxc8 36. Nd6 Rc7 37. Nb5 Rd7 38. Re6 Rfd8 39. Rde1 Bf6 40. Rc6 Kf7 41. Ree6 Bg5 42. Rxg6 Rd3 43. Rgd6 R8xd6 44. Nxd6+ Ke6 45. Nb5+ Kd7 46. Rc7+ Ke6 47. Kg4 a6 48. Rc6+ Kd5 49. Rd6+ Ke4 50. Re6+ Kd5 51. Nc7+ Kd4 52. Rxb6 Rd2 53. Rxa6 Kc3 54. Nb5+ Kb2 55. Nd6 Rd4+ 56. Kf5 Rd3 57. Nc4+ Kc3 58. Kg4 Rd4+ 59. Kf5 Rd3 60. g4 Rf3+ 61. Ke6 Rf4 62. Ne5 Kb2 63. Nd3+ Kc3 64. Nxf4 Bxf4 65. Kd5 Kb4 66. Ra4+ Kc3 67. Rxf4 Kb2 68. a4 1-0


[Site "https://www.chess.com"]

[Event "Titled Tuesday Blitz April 26 Early 2022"]
[White "Tasev, Dejan"]
[Black "Swiercz, Dariusz"]
[WhiteFideId "936618"]
[BlackFideId "1126881"]
[WhiteElo "2253"]
[BlackElo "2627"]
[Result "0-1"]
[Round "04"]
[TimeControl "180+1"]
[Date "2022.04.26"]
[WhiteClock "0:00:10"]
[BlackClock "0:00:12"]

1. e4 c6 2. d4 d5 3. Nc3 dxe4 4. Nxe4 Nf6 5. Nxf6+ exf6 6. c3 Bd6 7. Bd3 O-O 8. Qc2 h5 9. Ne2 Re8 10. h3 Nd7 11. Bd2 b5 12. O-O-O Nb6 13. g4 h4 14. Rhg1 g6 15. Bxg6 Rxe2 16. Bxf7+ Kxf7 17. Qh7+ Ke8 18. Rde1 Re7 19. g5 Kd7 20. Rxe7+ Qxe7 21. g6 Kc7 22. g7 Be6 23. Qxh4 Rg8 24. Qh7 Bxa2 25. h4 Bf7 26. h5 Nc4 27. h6 Nxd2 28. Kxd2 Bf4+ 29. Kc2 Qe2+ 30. Kb1 Qxf2 31. Rd1 Qg3 32. Ka1 Qg6 33. Qxg6 Bxg6 34. Rf1 Bg5 35. Rg1 Bh7 36. Re1 Bxh6 37. Re7+ Kd6 38. Rxa7 Rxg7 39. Ra8 Bg8 40. b4 Bd5 41. Kb2 Rg2+ 42. Kb1 Bd2 43. Ra3 Be4+ 44. Ka1 Bc1 45. Ra8 Bb2+ 46. Ka2 Bxc3+ 47. Kb3 Rg3 48. Rd8+ Kc7 49. Re8 Bxd4+ 50. Ka2 Bd5+ 51. Kb1 Bb3 52. Re7+ Kd6 53. Re8 Rg1+ 0-1


[Site "https://www.chess.com"]

[Event "Titled Tuesday Blitz April 26 Early 2022"]
[White "Terry, Renato"]
[Black "Rustemov, Alexander"]
[WhiteFideId "3803457"]
[BlackFideId "4119002"]
[WhiteElo "2577"]
[BlackElo "2855"]
[Result "1-0"]
[Round "04"]
[TimeControl "180+1"]
[Date "2022.04.26"]
[WhiteClock "0:00:15"]
[BlackClock "0:00:01"]

1. e4 e6 2. d4 d5 3. exd5 exd5 4. Nf3 Nc6 5. Bb5 Bd6 6. h3 Ne7 7. c4 dxc4 8. Bxc4 O-O 9. O-O Bf5 10. Re1 Qd7 11. d5 Na5 12. b3 Nxc4 13. bxc4 c6 14. Bb2 cxd5 15. Qd4 f6 16. cxd5 Rfd8 17. Nc3 Rac8 18. Rad1 a6 19. g4 Bg6 20. Re6 Bf7 21. Rxf6 Bc5 22. Qf4 Ng6 23. Rxg6 Bxg6 24. Ne4 Rf8 25. Nxc5 Rxf4 26. Nxd7 Rxf3 27. Ne5 Rff8 28. d6 Rc2 29. d7 Rxb2 30. d8=Q Rxf2 31. Qd5+ Kh8 32. Nxg6+ hxg6 33. a4 b5 34. axb5 axb5 35. Qxb5 Kh7 36. Qd5 R2f3 37. Kh2 Rf2+ 38. Kg3 R2f6 39. Re1 Rb8 40. Re7 Rbf8 41. Qb7 Rg8 42. Rf7 Rd6 43. Qb5 Re6 44. Qd3 Rc6 45. h4 1-0


[Site "https://www.chess.com"]

[Event "Titled Tuesday Blitz April 26 Early 2022"]
[White "Toncheva, Nadya"]
[Black "Cunha, Lucas Aguiar"]
[WhiteFideId "2924056"]
[BlackFideId "2125404"]
[WhiteElo "1884"]
[BlackElo "2361"]
[Result "1-0"]
[Round "04"]
[TimeControl "180+1"]
[Date "2022.04.26"]
[WhiteClock "0:00:19"]
[BlackClock "0:01:33"]

1. e4 c5 2. Nf3 e6 3. d4 cxd4 4. Nxd4 Nc6 5. Nc3 Qc7 6. f4 b6 7. Be3 Nxd4 8. Qxd4 Bb7 9. O-O-O Rc8 10. Kb1 Nf6 11. Be2 Bc5 12. Qd3 O-O 13. e5 Nd5 14. Nxd5 Bxd5 15. c3 f6 16. Bxc5 Qxc5 17. exf6 Rxf6 18. Bf3 Bxf3 19. Qxf3 d5 20. Rhe1 Rcf8 21. Qh3 Qc6 22. g3 Qe8 23. Rd2 Qg6+ 24. Ka1 b5 25. Rde2 Re8 26. Re5 a5 27. f5 Rxf5 28. Qxf5 exf5 29. Rxe8+ Kf7 30. R1e7+ Kf6 31. Re6+ 1-0


[Site "https://www.chess.com"]

[Event "Titled Tuesday Blitz April 26 Early 2022"]
[White "Tristan, Leonardo"]
[Black "Lach, Aleksandra"]
[WhiteFideId "113816"]
[BlackFideId "1134299"]
[WhiteElo "2404"]
[BlackElo "2172"]
[Result "1-0"]
[Round "04"]
[TimeControl "180+1"]
[Date "2022.04.26"]
[WhiteClock "0:00:17"]
[BlackClock "0:00:10"]

1. d4 f5 2. Nf3 Nf6 3. g3 g6 4. Bg2 Bg7 5. O-O O-O 6. Nbd2 d6 7. Re1 d5 8. Ne5 c6 9. c4 Be6 10. Ndf3 Ne4 11. Qb3 Qb6 12. c5 Qxb3 13. axb3 Na6 14. Nd3 Nc7 15. b4 b6 16. Nfe5 bxc5 17. bxc5 Nb5 18. e3 Rfc8 19. Ra6 Bf7 20. Nxc6 Kf8 21. Nce5 Be8 22. Nf4 Nc7 23. Ra5 Bxe5 24. dxe5 e6 25. b4 Ke7 26. Bb2 Rcb8 27. Nd3 Bb5 28. Nc1 Bc4 29. f3 Nd2 30. Bc3 Nb1 31. Bd4 Rxb4 32. c6 Rb5 33. Rxa7 Rxa7 34. Bxa7 Nc3 35. Bf1 Bxf1 36. Kxf1 Rb2 37. Bd4 Rc2 38. Nd3 N3b5 39. Bc5+ Kd8 40. Rc1 Rxh2 41. Nf2 g5 42. Bf8 Ke8 43. Bd6 Kd8 44. Rb1 f4 45. gxf4 gxf4 46. exf4 Rh4 47. Bxc7+ Nxc7 48. Rb8+ Ke7 49. Rc8 Nb5 50. Ng4 Rh1+ 51. Kg2 Rc1 52. Nf6 Rc2+ 53. Kg3 d4 54. Ne4 d3 55. Rb8 Nd4 56. Rb7+ Kd8 57. Rd7+ Kc8 58. Rxd4 Rxc6 59. Rxd3 Rc1 60. Ng5 h6 61. Nxe6 1-0


[Site "https://www.chess.com"]

[Event "Titled Tuesday Blitz April 26 Early 2022"]
[White "Unver, Cumali"]
[Black "Terzi, Alexei"]
[WhiteFideId "6304940"]
[BlackFideId "13505076"]
[WhiteElo "2013"]
[BlackElo "2031"]
[Result "0-1"]
[Round "04"]
[TimeControl "180+1"]
[Date "2022.04.26"]
[WhiteClock "0:01:07"]
[BlackClock "0:00:40"]

1. e4 c5 2. Nf3 Nc6 3. c3 Nf6 4. e5 Nd5 5. d4 cxd4 6. cxd4 e6 7. a3 d6 8. Bd3 Be7 9. O-O O-O 10. Qc2 h6 11. Qe2 dxe5 12. dxe5 f5 13. exf6 Nxf6 14. Rd1 Qa5 15. Nc3 Qh5 16. Bc4 Kh8 17. Bxe6 Bxe6 18. Qxe6 Bc5 19. Be3 Rae8 20. Qc4 Rxe3 21. fxe3 Bxe3+ 22. Kh1 Ng4 23. Rd5 Nf2+ 24. Kg1 Ne4+ 25. Kf1 Rxf3+ 26. gxf3 Qxf3+ 27. Ke1 Bf2+ 28. Kf1 Bg3+ 0-1


[Site "https://www.chess.com"]

[Event "Titled Tuesday Blitz April 26 Early 2022"]
[White "Urbina Perez, Juan Antonio"]
[Black "Mikhnenko, Alexander"]
[WhiteFideId "2217368"]
[BlackFideId "34143014"]
[WhiteElo "2192"]
[BlackElo "2117"]
[Result "0-1"]
[Round "04"]
[TimeControl "180+1"]
[Date "2022.04.26"]
[WhiteClock "0:01:59"]
[BlackClock "0:01:13"]

1. e4 e5 2. Nf3 Nc6 3. Bc4 Nf6 4. d3 Be7 5. O-O O-O 6. Nc3 d6 7. a4 a6 8. a5 h6 9. h3 Be6 10. Re1 Nh7 11. Nd5 Kh8 12. Nxe7 Qxe7 13. Bxe6 Qxe6 14. d4 Ne7 15. c3 Nf6 16. Qc2 Ng6 17. Be3 Nh5 18. Rad1 Nhf4 19. Bxf4 Nxf4 20. Kh2 Rad8 21. g3 Qxh3+ 22. Kg1 Qg2# 0-1


[Site "https://www.chess.com"]

[Event "Titled Tuesday Blitz April 26 Early 2022"]
[White "Vlassov, Nikolai"]
[Black "Rodrigues, Bruno Morado"]
[WhiteFideId "4103360"]
[BlackFideId "2115654"]
[WhiteElo "2407"]
[BlackElo "2040"]
[Result "1/2-1/2"]
[Round "04"]
[TimeControl "180+1"]
[Date "2022.04.26"]
[WhiteClock "0:00:04"]
[BlackClock "0:00:11"]

1. e4 c5 2. c3 d5 3. exd5 Qxd5 4. d4 Nc6 5. Nf3 Bg4 6. Be2 e6 7. O-O Nf6 8. Be3 cxd4 9. cxd4 Be7 10. Nc3 Qd6 11. h3 Bh5 12. Qb3 O-O 13. Rfd1 Rfd8 14. g4 Bg6 15. Ne5 Nxe5 16. dxe5 Qxe5 17. Rxd8+ Rxd8 18. Qxb7 Bc5 19. Rd1 Re8 20. Qb5 Bd6 21. Qxe5 Bxe5 22. Bxa7 h5 23. g5 Bxc3 24. bxc3 Ne4 25. Rc1 Ra8 26. Be3 Rxa2 27. Bf3 Ra8 28. c4 Rc8 29. c5 Kf8 30. c6 Ke7 31. c7 Kd7 32. Bf4 f6 33. Rd1+ Ke7 34. Bxe4 Bxe4 35. Bd6+ Kd7 36. gxf6 gxf6 37. Bg3+ Ke7 38. Bd6+ Kd7 39. Bg3+ Ke7 40. Rd4 Bb7 41. Bd6+ Kd7 42. Bg3+ Bd5 43. Rh4 e5 44. Rxh5 Rxc7 45. f4 Rc1+ 46. Kf2 Rc2+ 47. Ke1 Rc3 48. Bh4 Ke6 49. Rh6 exf4 50. Bxf6 Re3+ 51. Kf2 Kf5 52. Bd4 Rf3+ 53. Ke2 Ra3 54. Bc5 Ra2+ 55. Kd3 Be4+ 56. Kd4 Rd2+ 57. Kc3 Rd3+ 58. Kc4 Rd7 59. Rh8 f3 60. Rf8+ Kg5 61. Bd4 Rc7+ 62. Kb5 Kh4 63. Rf4+ Kxh3 64. Rxe4 Rf7 65. Re1 f2 66. Rf1 Kg2 67. Rxf2+ Rxf2 68. Bxf2 1/2-1/2


[Site "https://www.chess.com"]

[Event "Titled Tuesday Blitz April 26 Early 2022"]
[White "Vokhidov, Shamsiddin"]
[Black "Belozerov, Andrei"]
[WhiteFideId "14204223"]
[BlackFideId "4120213"]
[WhiteElo "2611"]
[BlackElo "2320"]
[Result "1-0"]
[Round "04"]
[TimeControl "180+1"]
[Date "2022.04.26"]
[WhiteClock "0:01:08"]
[BlackClock "0:00:16"]

1. e4 c6 2. d4 d5 3. e5 Bf5 4. h4 h5 5. Bd3 Bxd3 6. Qxd3 Qa5+ 7. Nd2 e6 8. Nf3 Nh6 9. O-O Nf5 10. Nb3 Qa6 11. Qd1 Be7 12. Bg5 Bxg5 13. Nc5 Qb6 14. hxg5 Nd7 15. Nxd7 Kxd7 16. Qd2 a5 17. a4 h4 18. b3 Rh5 19. c4 Qb4 20. Qd3 Ne7 21. Rac1 Ng6 22. cxd5 cxd5 23. Rc5 h3 24. Rb5 hxg2 25. Rxb4 Rh1+ 26. Kxg2 Nf4+ 27. Kg3 Nxd3 28. Rxb7+ Kc6 29. Rxh1 Kxb7 30. Rh7 Rg8 31. g6 fxg6 32. Ng5 Nc1 33. Nxe6 Nxb3 34. Nxg7 Kc6 35. Ne6 Re8 36. Rc7+ Kb6 37. Rc3 Nd2 38. Nc5 Rf8 39. Rc2 Ne4+ 40. Nxe4 dxe4 41. Kg4 1-0


[Site "https://www.chess.com"]

[Event "Titled Tuesday Blitz April 26 Early 2022"]
[White "Wachinger, Guenther"]
[Black "Taichman, Ori"]
[WhiteFideId "4604261"]
[BlackFideId "2804069"]
[WhiteElo "2212"]
[BlackElo "2227"]
[Result "1-0"]
[Round "04"]
[TimeControl "180+1"]
[Date "2022.04.26"]
[WhiteClock "0:00:21"]
[BlackClock "0:00:21"]

1. e4 c5 2. Nf3 Nc6 3. d4 cxd4 4. Nxd4 d5 5. exd5 Qxd5 6. Bb5 Qxg2 7. Rf1 Bd7 8. Be3 e5 9. Nxc6 Bxc6 10. Qe2 Bd6 11. Nc3 O-O-O 12. O-O-O Nf6 13. Rg1 Qf3 14. Bxc6 Qxc6 15. Rxg7 Bb4 16. Bd2 Qe6 17. a3 Bxc3 18. Bxc3 Rxd1+ 19. Qxd1 Nd5 20. Qd2 Nxc3 21. Qxc3+ Kb8 22. Rxf7 Rc8 23. Qf3 e4 24. Qf4+ Ka8 25. Rf6 Qc4 26. c3 Qf1+ 27. Kc2 Qd3+ 28. Kb3 Qd5+ 29. Kc2 Rd8 30. Qc1 Qe5 31. Rf4 a5 32. Qe3 Qd5 33. Qe2 a4 34. Rxe4 Qb3+ 35. Kc1 Kb8 36. Rd4 Rg8 37. Qe5+ Ka8 38. Qa5+ Kb8 39. Rd8+ Rxd8 40. Qxd8+ Ka7 41. Qd4+ Ka8 42. Qh8+ Ka7 43. Qd4+ b6 44. Qd7+ Ka6 45. Qd3+ Kb7 46. Qxh7+ Ka6 47. Qd3+ Ka5 48. Qf5+ b5 49. Qf4 Qa2 50. Qb4+ Ka6 51. Qd6+ Kb7 52. Qd7+ Kb6 53. Qd4+ Kc6 54. Qb4 Qa1+ 55. Kd2 Qf1 56. Qe4+ Kb6 57. Qe2 Qh1 58. Ke3 Qxh2 59. f4 Qg3+ 60. Ke4 Qg6+ 61. f5 Qe8+ 62. Kf3 Qf8 63. Qe5 Qa8+ 64. Kf4 Qg2 65. Qe3+ Ka6 66. f6 Qf1+ 67. Ke5 Qc4 68. Kf5 Qf7 69. Qe6+ Qxe6+ 70. Kxe6 Kb6 71. f7 Kc5 72. f8=Q+ Kc4 73. Qb4+ Kd3 74. Qxb5+ Kc2 75. Qxa4+ Kb1 76. Qb5 Ka2 77. a4 Kb1 78. a5 Kc2 79. a6 Kb1 80. a7 Kc2 81. c4 Kb1 82. b3 Kb2 83. b4 Kb1 84. c5 Kb2 85. Qc4 Ka3 86. b5 Kb2 87. b6 Ka3 88. b7 Kb2 89. b8=Q+ Ka1 90. a8=Q# 1-0


[Site "https://www.chess.com"]

[Event "Titled Tuesday Blitz April 26 Early 2022"]
[White "Winkels, Marcel"]
[Black "Martin, Lewis"]
[WhiteFideId "1003887"]
[BlackFideId "410551"]
[WhiteElo "1900"]
[BlackElo "2145"]
[Result "0-1"]
[Round "04"]
[TimeControl "180+1"]
[Date "2022.04.26"]
[WhiteClock "0:00:42"]
[BlackClock "0:01:39"]

1. e4 c5 2. Nf3 d5 3. exd5 Qxd5 4. Nc3 Qd8 5. Bc4 Nf6 6. O-O Nc6 7. d3 e6 8. a3 Bd6 9. Bg5 h6 10. Bh4 a6 11. Ne4 Be7 12. Bxf6 Bxf6 13. Nxf6+ Qxf6 14. Rb1 b5 15. Ba2 Bb7 16. c3 Rd8 17. Qc2 O-O 18. Rfe1 Qg6 19. Rbd1 Nd4 20. cxd4 Bxf3 21. g3 Qh5 22. h4 Rxd4 23. Rd2 Rxh4 24. gxh4 Qg4+ 0-1


[Site "https://www.chess.com"]

[Event "Titled Tuesday Blitz April 26 Early 2022"]
[White "Xu, Yi"]
[Black "Xiong, Jeffery"]
[WhiteFideId "8605564"]
[BlackFideId "2047640"]
[WhiteElo "2471"]
[BlackElo "2727"]
[Result "0-1"]
[Round "04"]
[TimeControl "180+1"]
[Date "2022.04.26"]
[WhiteClock "0:00:07"]
[BlackClock "0:00:19"]

1. e4 c5 2. Nf3 d6 3. d4 cxd4 4. Nxd4 Nf6 5. Nc3 a6 6. f3 e5 7. Nb3 Be6 8. Be3 Nbd7 9. g4 b5 10. g5 b4 11. Ne2 Ng8 12. f4 h6 13. f5 Bxb3 14. axb3 hxg5 15. Qd2 Be7 16. Qxb4 d5 17. Qa4 d4 18. Bd2 Nf6 19. Ng3 Kf8 20. b4 Nh5 21. Nxh5 Rxh5 22. Bxa6 Rh4 23. O-O-O Nb8 24. b5 Nxa6 25. bxa6 Qb6 26. Qc4 Rxe4 27. Rde1 Qxa6 28. Qxa6 Rxa6 29. Kb1 Rxe1+ 30. Rxe1 f6 31. c3 dxc3 32. Bxc3 Ra4 33. Rf1 Rh4 34. Rf2 Bc5 35. Rc2 Bd6 36. Rd2 Ke7 37. Rf2 e4 38. Bd4 Rxh2 39. Rxh2 Bxh2 40. Kc2 g4 41. Kd2 g3 42. Ke3 Bg1+ 0-1


[Site "https://www.chess.com"]

[Event "Titled Tuesday Blitz April 26 Early 2022"]
[White "Yang, Kaiqi"]
[Black "Bas Mas, Jose Joaquin"]
[WhiteFideId "8604398"]
[BlackFideId "22219064"]
[WhiteElo "2373"]
[BlackElo "2212"]
[Result "1-0"]
[Round "04"]
[TimeControl "180+1"]
[Date "2022.04.26"]
[WhiteClock "0:00:14"]
[BlackClock "0:00:01"]

1. d4 f5 2. Bg5 Nf6 3. Bxf6 exf6 4. e3 d5 5. c4 Bb4+ 6. Nc3 Be6 7. Qb3 Nc6 8. Nh3 g5 9. a3 Bxc3+ 10. bxc3 Na5 11. Qa4+ c6 12. cxd5 Bxd5 13. c4 Bf7 14. Bd3 Bg6 15. O-O O-O 16. Qc2 Qd7 17. f4 g4 18. Nf2 Rfe8 19. Rfe1 Re7 20. Re2 Rae8 21. Rae1 b6 22. Nh1 Nb7 23. Ng3 Nd6 24. c5 Ne4 25. Bxe4 fxe4 26. Rb1 b5 27. a4 a6 28. axb5 axb5 29. Ra1 Bf7 30. Ree1 h5 31. Ra5 h4 32. Nf1 b4 33. Nd2 Qb7 34. Rb1 f5 35. Nc4 Rb8 36. Nb6 b3 37. Qc3 Qc7 38. Rba1 Qd8 39. Ra8 Reb7 40. Qb4 Kg7 41. Rxb8 Rxb8 42. Ra7 Kf6 43. Kf2 Bd5 44. Ke1 Bf7 45. Kd2 Bg8 46. Kc3 g3 47. h3 Bf7 48. Kb2 Bg8 49. Qa5 Bf7 50. Qa4 Bg8 51. Qxc6+ Be6 52. d5 Qh8 53. Qxe6# 1-0


[Site "https://www.chess.com"]

[Event "Titled Tuesday Blitz April 26 Early 2022"]
[White "Yeremyan, Alen"]
[Black "Sihite, Chelsie Monica Ignesias"]
[WhiteFideId "13308998"]
[BlackFideId "7101198"]
[WhiteElo "2158"]
[BlackElo "2224"]
[Result "1-0"]
[Round "04"]
[TimeControl "180+1"]
[Date "2022.04.26"]
[WhiteClock "0:00:36"]
[BlackClock "0:01:21"]

1. e4 e5 2. Nf3 Nc6 3. Bb5 Nge7 4. O-O g6 5. d4 exd4 6. Nxd4 Bg7 7. Nb3 O-O 8. Nc3 a6 9. Be2 d6 10. f4 f5 11. Bf3 fxe4 12. Nxe4 Bf5 13. c3 Bxe4 14. Bxe4 d5 15. Bf3 Qd6 16. Be3 b6 17. Qd2 Rad8 18. Rae1 Nf5 19. Bf2 Na5 20. Nxa5 bxa5 21. Kh1 c6 22. b4 axb4 23. cxb4 Rfe8 24. Bc5 Qb8 25. Qd3 Qb5 26. Qd2 Qc4 27. Rc1 Qb5 28. Rfe1 Bf8 29. Bxf8 Kxf8 30. Qc3 d4 31. Qd2 Rxe1+ 32. Rxe1 Rb8 33. a3 a5 34. Re5 Qc4 35. Rxa5 Ne3 36. Be2 Qb3 37. Rc5 Qxa3 38. Qxd4 Nd5 39. Qh8+ Ke7 40. Qxh7+ Kd6 41. Qxg6+ Ke7 42. Qg5+ Nf6 43. Re5+ Kf7 44. Bc4+ Nd5 45. Bxd5+ cxd5 46. Re7+ Kf8 47. Qg7# 1-0


[Site "https://www.chess.com"]

[Event "Titled Tuesday Blitz April 26 Early 2022"]
[White "Yuan, Qingyu"]
[Black "Kim, Sergey"]
[WhiteFideId "8609772"]
[BlackFideId "13700570"]
[WhiteElo "2359"]
[BlackElo "2555"]
[Result "1-0"]
[Round "04"]
[TimeControl "180+1"]
[Date "2022.04.26"]
[WhiteClock "0:00:14"]
[BlackClock "0:00:44"]

1. e4 e5 2. Nf3 Nc6 3. Bc4 Bc5 4. d3 Nf6 5. Bg5 h6 6. Bh4 g5 7. Bg3 d6 8. c3 Bb6 9. a4 a6 10. Nbd2 Bg4 11. h3 Bh5 12. Qc2 Qe7 13. b4 Bg6 14. a5 Ba7 15. b5 Nd8 16. bxa6 bxa6 17. O-O Nh5 18. Kh1 Nxg3+ 19. fxg3 Be3 20. d4 O-O 21. Qd3 Bxd2 22. Nxd2 exd4 23. cxd4 Nc6 24. Qc3 Nd8 25. Qd3 Nc6 26. Qc3 Nd8 27. Ra2 Ne6 28. Bd5 Rab8 29. Nc4 c5 30. dxc5 Nxc5 31. Re2 Rb3 32. Qf6 Qxf6 33. Rxf6 Kg7 34. Rxd6 Rxg3 35. Rc6 Nd3 36. Kh2 Nf4 37. Kxg3 Nxe2+ 38. Kf2 Nf4 39. Rxa6 Rc8 40. Rc6 Rb8 41. Nb6 Rb7 42. Rxg6+ 1-0


[Site "https://www.chess.com"]